AoeStats
← zamithdaniel

Nomad

507124684Analyzed
2v2 RM · 17d ago on Sep 16, 2026· 60m 38s· 4 players
Game mode
Random Map
Map size
176×176
Population
200
Speed
Normal
Resources
Standard
Victory
Conquest
Starting age
Dark Age
Ending age
Imperial Age
RankedLock teamsTeams togetherTeam positionsShared explorationLock speedFull tech treeHidden civsTurbo modeCheats
Victory
Defeat
🇨🇴 Turks · Colombia
908
+17
🇫🇷 Celts · France
886
+38
🇳🇱 Slavs · Netherlands
1002
-20
🇳🇱 Vietnamese · Netherlands
869
-15
zamithdaniel
17:07 Feudal Age
17:43 Double-Bit Axe
21:14 Horse Collar
23:46 Castle Age
22:42 Stone Mining
22:45 Gold Mining
24:32 Scale Barding Armor
24:38 Forging
25:17 Bloodlines
25:08 Husbandry
28:23 Bow Saw
29:51 Heavy Plow
30:36 Fishing Lines
34:18 Imperial Age
33:07 Fletching
34:24 Padded Archer Armor
35:01 Iron Casting
34:48 Chain Barding Armor
35:50 Fortified Wall
40:20 Two-Man Saw
40:05 Elite Janissary
41:07 Conscription
42:07 Leather Archer Armor
43:46 Wheelbarrow
52:43 Ring Archer Armor
53:14 Blast Furnace
60:34 Gillnets
DamosReload2202
6:13 Loom
17:03 Feudal Age
17:33 Double-Bit Axe
17:31 Horse Collar
18:35 Wheelbarrow
19:25 Town Watch
22:44 Castle Age
23:55 Bow Saw
24:01 Bow Saw
23:59 Fletching
24:42 Medium Warships
25:35 Gold Mining
25:15 Crossbowman
27:42 Bodkin Arrow
27:48 Demolition Ship
32:12 Stone Mining
33:06 Ballistics
33:37 Heavy Plow
36:50 Padded Archer Armor
36:16 Pikeman
37:49 Hand Cart
40:58 Imperial Age
38:43 Forging
39:12 Scale Mail Armor
40:43 Gold Shaft Mining
39:53 Treadmill Crane
40:27 Masonry
41:04 Gambesons
40:40 Man-at-Arms
41:38 Leather Archer Armor
41:11 Halberdier
42:17 Conscription
43:09 Chain Mail Armor
44:05 Ring Archer Armor
44:37 Iron Casting
45:15 Plate Mail Armor
44:36 Long Swordsman
47:14 Chemistry
47:45 Hoardings
47:05 Stronghold
47:28 Furor Celtica
49:13 Onager
50:16 Elite Woad Raider
51:58 Blast Furnace
51:04 Scale Barding Armor
51:37 Siege Onager
52:23 Murder Holes
53:29 Siege Engineers
53:22 Heated Shot
53:21 Arrowslits
53:50 Clinker Construction
54:58 Capped Ram
58:16 Stronghold
57:57 Sappers
58:49 Chain Barding Armor
58:50 Fortified Wall
58:13 Two-Handed Swordsman
61:06 Town Patrol
Majestiet
5:40 Loom
14:38 Feudal Age
19:09 Castle Age
17:13 Double-Bit Axe
17:38 Fishing Lines
20:07 Medium Warships
22:00 Town Watch
22:48 Gillnets
23:52 Bow Saw
25:11 Horse Collar
29:14 Heavy Plow
31:20 Detinets
31:37 Clinker Construction
31:39 Careening
33:49 Fletching
34:21 Scale Barding Armor
38:29 Imperial Age
36:32 Bodkin Arrow
37:44 Chain Barding Armor
38:01 Wheelbarrow
37:51 Forging
38:36 Elite Boyar
40:56 Conscription
41:16 Plate Barding Armor
40:57 Gold Mining
41:08 Stone Mining
42:24 Chemistry
41:36 Masonry
42:27 Ballistics
43:00 Hand Cart
42:49 Onager
44:34 Siege Engineers
46:40 Iron Casting
46:21 Siege Onager
48:08 Murder Holes
49:34 Masonry
48:49 Man-at-Arms
49:32 Scale Mail Armor
50:11 Squires
49:32 Long Swordsman
50:53 Gold Shaft Mining
50:32 Druzhina
55:49 Chain Mail Armor
54:58 Two-Handed Swordsman
55:36 Champion
56:57 Hoardings
57:32 Plate Mail Armor
failhais
5:45 Loom
15:37 Feudal Age
16:33 Double-Bit Axe
21:07 Castle Age
21:19 Fishing Lines
21:39 Horse Collar
22:52 Bow Saw
22:55 Stone Mining
22:57 Gold Mining
23:51 Wheelbarrow
23:36 Padded Archer Armor
22:59 Crossbowman
24:44 Light Cavalry
26:09 Fletching
29:04 Thumb Ring
31:28 Hand Cart
31:49 Leather Archer Armor
33:56 Ballistics
34:13 Treadmill Crane
34:57 Elite Skirmisher
36:16 Bodkin Arrow
39:42 Imperial Age
40:49 Paper Money
41:30 Scale Mail Armor
42:01 Bracer
42:13 Imperial Skirmisher
43:05 Arbalester
45:09 Pikeman
49:33 Ring Archer Armor
52:24 Chemistry
53:17 Two-Man Saw
52:21 Heavy Plow
52:48 Halberdier
60:52 Chain Mail Armor
60:47 Forging
Connection lost

Rejoining the realm…

Still unreachable

The connection could not be restored.

Session expired

The server has moved on; the page needs a fresh start.